Map: [ESL] Goldenaura

Players

MeomaikA

  • Race: Zerg Zerg
  • Spawn Location: 5:00

Oliveira - Winner!

  • Race: Terran Terran
  • Spawn Location: 12:00

Event: ESL SC2 Masters 2023 Winter (Regional)

VOD

Have the link to the VOD?

Description

Time

  • Played on: Nov. 10, 2023, 7:26 a.m.
  • Length: 11:26

All games in this series

Show
View Real Time Build Order
Export as new Build Order

MeomaikA Zerg 

Build Orders: Pool First 

Get SALT Encoding   

  12  0:00  Drone  
  13  0:12  Overlord  
  13  0:16  Drone  
  14  0:30  Drone x2  
  14  0:34  Drone  
  17  0:45  Spawning Pool  
  17  0:49  Drone  
  17  1:08  Hatchery  
  17  1:11  Drone  
  17  1:12  Extractor  
  17  1:15  Drone  
  17  1:31  Zergling x4, Queen  
  21  1:38  Drone  
  22  1:49  Overlord  
  22  2:07  Drone, Queen  
  25  2:13  Drone  
  26  2:17  Metabolic Boost  
  26  2:23  Drone x2  
  28  2:32  Drone x2  
  29  2:39  Drone  
  29  2:40  Drone  
  29  2:41  Drone  
  29  2:42  Drone  
  29  2:44  Drone  
  34  2:53  Overlord  
  34  2:55  Drone  
  35  3:05  Drone, Hatchery  
  35  3:14  Drone  
  35  3:15  Drone x2  
  35  3:19  Drone x2  
  42  3:20  Drone x2  
  42  3:26  Lair  
  42  3:28  Drone  
  42  3:29  Extractor x2  
  42  3:32  Drone  
  41  3:39  Overlord  
  41  3:42  Drone  
  41  3:48  Overlord  
  42  3:53  Drone  
  43  3:56  Queen  
  43  3:58  Drone x2  
  43  4:01  Zergling x2, Drone x2  
  43  4:02  Zergling x2  
  51  4:06  Overlord  
  51  4:15  Zergling x4  
  51  4:16  Zergling x2  
  54  4:18  Queen  
  54  4:20  Zergling x2  
  57  4:24  Spire  
  56  4:31  Zergling x4  
  56  4:32  Overlord  
  56  4:34  Overlord x2  
  58  4:49  Overlord  
  58  4:50  Overlord x2  
  58  4:51  Drone x4  
  62  4:54  Overlord  
  62  4:57  Zergling x4  
  62  4:58  Zergling x2  
  65  5:05  Zergling x8  
  65  5:06  Zergling x2  
  70  5:12  Zergling x4  
  70  5:14  Overlord  
  69  5:35  Mutalisk x7  
  69  5:36  Mutalisk  
  69  5:38  Zergling x2  
  69  5:40  Zergling x2  
  69  5:42  Zergling x2  
  88  5:43  Zergling x2  
  88  5:44  Zergling x2  
  88  5:46  Zergling x2  
  88  5:48  Zergling x2  
  91  5:50  Spore Crawler  
  91  5:54  Spore Crawler  
  86  5:57  Zergling x2  
  86  5:59  Zergling x2  
  86  6:03  Zergling x2  
  86  6:04  Zergling x2  
  85  6:07  Zergling x2  
  85  6:10  Zergling x2  
  82  6:13  Zergling x2  
  82  6:14  Zergling x2  
  82  6:17  Zergling x2  
  80  6:19  Zergling x2  
  80  6:22  Zergling x2  
  80  6:24  Zergling x2  
  80  6:28  Zergling x4  
  80  6:31  Zergling x2  
  73  6:33  Zergling x2  
  73  6:36  Drone  
  70  6:41  Drone  
  70  6:42  Zergling x2  
  71  6:50  Mutalisk, Overlord  
  73  6:54  Zerg Flyer Weapons Level 1  
  73  7:06  Drone x3  
  70  7:08  Drone x2  
  70  7:09  Drone x2  
  70  7:14  Mutalisk, Overlord  
  74  7:15  Drone  
  74  7:17  Drone  
  74  7:21  Drone x2  
  78  7:24  Overseer  
  78  7:26  Pneumatized Carapace  
  78  7:27  Drone  
  79  7:33  Drone x3  
  79  7:35  Drone  
  81  7:39  Extractor, Overlord  
  81  7:40  Mutalisk  
  81  7:42  Drone  
  83  7:49  Mutalisk x2  
  83  7:51  Mutalisk  
  87  7:54  Mutalisk  
  87  7:56  Extractor  
  87  7:57  Zergling x4  
  92  7:58  Drone  
  92  8:01  Zergling x2  
  92  8:02  Zergling x2  
  92  8:04  Overseer  
  94  8:09  Mutalisk  
  96  8:15  Zergling x12  
  96  8:16  Zergling x4  
  96  8:19  Mutalisk  
  104  8:22  Zergling x4  
  104  8:23  Zergling x2  
  107  8:30  Mutalisk  
  107  8:33  Zergling x2  
  107  8:34  Zergling x6  
  112  8:38  Zergling x4  
  115  8:43  Overlord x2  
  115  8:52  Hatchery  
  114  8:56  Overlord  
  114  9:04  Zergling x6  
  117  9:12  Zergling x4  
  117  9:14  Zergling x2  
  117  9:16  Zergling x4  
  116  9:19  Mutalisk x4, Zergling x4  
  116  9:20  Mutalisk  
  116  9:22  Mutalisk  
  117  9:24  Mutalisk  
  117  9:26  Zergling x2  
  120  9:34  Mutalisk  
  120  9:36  Overlord x2  
  120  9:37  Overseer  
  116  9:39  Overlord  
  116  9:41  Overlord  
  116  9:50  Overlord  
  116  9:58  Mutalisk x3  
  116  9:59  Zergling x4  
  124  10:00  Zergling x2  
  124  10:05  Mutalisk  
  124  10:06  Zergling x4  
  129  10:14  Mutalisk  
  127  10:15  Zergling x4  
  127  10:16  Zergling x2  
  127  10:17  Zergling x2  
  127  10:18  Overlord  
  127  10:20  Zergling x2  
  134  10:26  Overseer  
  134  10:27  Overseer  
  134  10:28  Zergling x4  
  136  10:31  Mutalisk  
  136  10:32  Overlord  
  136  10:34  Mutalisk  
  140  10:41  Mutalisk  
  140  10:42  Zergling x4  
  144  10:43  Zergling x4  
  144  10:44  Zergling x2  
  144  10:48  Mutalisk  
  149  10:50  Zergling x4  
  151  10:57  Mutalisk  
  151  10:59  Zergling x8  
  151  11:02  Zergling x2  
  151  11:03  Zergling x2  
Show
View Real Time Build Order
Export as new Build Order

Oliveira Terran - Winner!

Build Orders: Cyclone Opening 

Get SALT Encoding   

  12  0:00  SCV  
  13  0:12  SCV  
  14  0:17  Supply Depot  
  14  0:24  SCV  
  15  0:29  Refinery  
  15  0:38  SCV  
  16  0:45  Barracks  
  16  0:50  SCV  
  17  1:03  SCV  
  18  1:15  SCV  
  20  1:32  Orbital Command, Reaper  
  20  1:42  Command Center  
  20  1:53  Factory  
  20  1:58  SCV  
  21  2:04  Refinery  
  21  2:08  Barracks Reactor  
  21  2:10  SCV  
  21  2:14  Supply Depot  
  22  2:22  SCV  
  23  2:36  SCV  
  24  2:38  Cyclone  
  26  2:45  Marine x2  
  26  2:48  SCV  
  26  2:51  Starport  
  29  2:54  Orbital Command  
  29  3:02  Marine  
  29  3:03  Marine  
  31  3:10  Cyclone  
  31  3:11  SCV  
  34  3:20  Marine x2  
  34  3:21  SCV  
  34  3:24  SCV  
  37  3:30  Medivac  
  37  3:33  SCV  
  40  3:36  SCV  
  40  3:40  Supply Depot  
  41  3:45  SCV  
  42  3:49  SCV  
  42  3:50  Hellion  
  42  3:52  Barracks Tech Lab  
  45  3:57  SCV  
  45  4:01  SCV  
  46  4:08  Hellion, Supply Depot  
  48  4:12  SCV  
  48  4:14  SCV  
  50  4:18  Cloaking Field  
  50  4:19  Banshee  
  53  4:24  SCV  
  53  4:25  Command Center  
  53  4:29  SCV  
  55  4:31  Supply Depot  
  55  4:37  SCV  
  55  4:38  Hellion x2  
  60  4:41  Barracks Tech Lab  
  60  4:42  SCV  
  61  4:49  SCV  
  61  4:50  Supply Depot  
  62  4:54  SCV  
  63  5:01  SCV  
  63  5:03  Hellion x2  
  68  5:08  Supply Depot  
  68  5:12  Banshee  
  68  5:13  Stimpack, Marine  
  72  5:14  SCV  
  72  5:19  SCV  
  74  5:23  Barracks  
  74  5:24  Barracks  
  78  5:30  Bunker  
  78  5:31  Marine  
  78  5:35  SCV  
  80  5:40  Engineering Bay  
  80  5:41  Engineering Bay  
  70  5:43  Orbital Command, Factory Reactor  
  70  5:45  SCV, Refinery x2  
  70  5:49  Reaper  
  72  5:55  SCV  
  67  5:59  SCV  
  66  6:06  Starport Reactor  
  66  6:07  SCV  
  66  6:08  Missile Turret  
  66  6:09  Missile Turret  
  67  6:13  Missile Turret  
  62  6:21  Marine  
  62  6:23  Widow Mine  
  62  6:24  Widow Mine  
  64  6:29  Marine x2  
  64  6:30  SCV  
  64  6:31  SCV  
  63  6:33  Marine  
  63  6:35  Combat Shield  
  63  6:37  SCV  
  63  6:39  Marine  
  65  6:42  Supply Depot  
  65  6:45  Widow Mine x2  
  65  6:46  Medivac x2  
  71  6:47  SCV, Marine x2  
  71  6:51  Marine  
  73  6:57  Supply Depot, Marine  
  73  6:58  Supply Depot  
  74  7:05  Marine x2  
  76  7:09  Marine  
  76  7:10  SCV, Widow Mine x2  
  76  7:14  Marine  
  76  7:15  Supply Depot  
  82  7:18  Barracks  
  82  7:19  SCV x2  
  82  7:20  Barracks  
  82  7:21  Terran Infantry Armor Level 1  
  84  7:25  Terran Infantry Weapons Level 1  
  84  7:28  Marine  
  85  7:31  Marine  
  85  7:36  Widow Mine x2, Medivac x2  
  93  7:39  Armory  
  93  7:42  Orbital Command  
  92  7:45  Supply Depot  
  92  7:46  Marine  
  92  7:49  Supply Depot  
  92  7:50  Marine  
  95  7:52  Supply Depot, Marine  
  95  7:54  SCV  
  95  7:55  Supply Depot  
  95  7:56  SCV  
  97  8:02  Barracks Reactor  
  97  8:04  Marine  
  98  8:06  SCV  
  98  8:08  SCV x2  
  98  8:11  Barracks Reactor x2  
  98  8:12  Marine x2  
  101  8:15  Missile Turret  
  101  8:18  SCV  
  102  8:20  SCV  
  102  8:21  Marine, SCV  
  102  8:29  Marine, Medivac x2  
  102  8:30  SCV  
  102  8:31  Widow Mine  
  108  8:35  Marine  
  108  8:36  SCV  
  108  8:38  SCV  
  108  8:39  Marine  
  108  8:40  Factory  
  108  8:41  Refinery  
  104  8:42  Marine, SCV  
  104  8:44  Missile Turret  
  104  8:45  Missile Turret, Widow Mine  
  104  8:47  Marine  
  109  8:48  Marine  
  109  8:49  Marine x2  
  109  8:51  SCV  
  109  8:54  SCV x2  
  109  8:55  Marine, Supply Depot x2  
  115  9:00  Terran Vehicle And Ship Armor Level 1  
  115  9:01  Marine x2  
  118  9:03  SCV  
  118  9:06  SCV x2  
  118  9:07  Marine x2  
  117  9:14  Marine  
  115  9:18  Marine x2  
  115  9:19  Marine x3  
  115  9:20  Widow Mine x2  
  115  9:21  SCV x2  
  115  9:22  Marine  
  123  9:24  Factory Tech Lab  
  123  9:26  Marine  
  124  9:33  Marine x2  
  124  9:36  Marine x2  
  124  9:38  Command Center, Marine  
  124  9:41  Supply Depot, Marine  
  124  9:43  Thor, Drilling Claws  
  131  9:46  Marine, Refinery  
  131  9:51  Supply Depot  
  131  9:52  Marine  
  131  9:59  Barracks Reactor  
  132  10:02  Marine  
  132  10:03  Marine x2  
  132  10:06  Marine  
  136  10:08  Supply Depot  
  136  10:09  Supply Depot, Widow Mine x2  
  136  10:11  Missile Turret, Medivac  
  136  10:12  Missile Turret  
  136  10:13  Missile Turret, Medivac  
  141  10:20  Sensor Tower  
  141  10:21  Supply Depot  
  141  10:24  Supply Depot  
  141  10:26  Supply Depot  
  141  10:29  Marine x3, SCV x3  
  141  10:34  Sensor Tower  
  146  10:36  Thor  
  146  10:39  Marine x2  
  146  10:42  Widow Mine  
  156  10:43  Marine, Widow Mine  
  156  10:46  Marine  
  156  10:47  Marine  
  156  10:48  Marine  
  162  10:51  SCV  
  162  10:54  SCV  
  164  10:57  Marine x2  
  164  11:00  Missile Turret  
  166  11:07  Marine x2  
Tags
 
Add a new tag
Caveats
  • Supply blocks, unpowered buildings, or Contaminate may cause inaccurate times.
  • Supply counts are checked every 10 seconds.